 Dungeon Crawl Stone Soup version 0.26-a0-651-gb41185065b (webtiles) character file.

Game seed: 17149320313977669459

373 huuhuu the Conjurer (level 6, -3/36 HPs)
             Began as an Octopode Conjurer on Oct 28, 2020.
             Slain by an iguana (11 damage)
             ... on level 3 of the Dungeon.
             The game lasted 00:10:19 (2262 turns).

huuhuu the Conjurer (Octopode Conjurer)             Turns: 2262, Time: 00:10:19

Health: -3/36      AC:  7    Str:  7    XL:     6   Next: 72%
Magic:  2/9        EV: 13    Int: 22    God:
Gold:   94         SH:  0    Dex: 10    Spells: 3/9 levels left

rFire    . . .     SeeInvis .   k - +3 rapier
rCold    . . .     Faith    .   (no shield)
rNeg     . . .     Spirit   .   j - +2 hat
rPois    .         Reflect  .   (no amulet)
rElec    .         Harm     .   f - +4 ring of protection
rCorr    .         Rampage  .   (no ring)
MR       .....                  (no ring)
Stlth    +++.......             (no ring)
HPRegen  0.12/turn              (no ring)
MPRegen  0.11/turn              (no ring)
                                (no ring)
                                (no ring)

@: no status effects
A: almost no armour, stealthy swim, amphibious, 8 rings, constrict 8, camouflage
1, gelatinous body 1
a: no special abilities


You were on level 3 of the Dungeon.
You visited 1 branch of the dungeon, and saw 3 of its levels.

You collected 94 gold pieces.

Inventory:

Hand Weapons
 d - a +0 short sword
 k - a +3 rapier (weapon)
 m - a +1 spear of venom
Armour
 j - a +2 hat (worn)
Jewellery
 f - a +4 ring of protection (left tentacle)
Wands
 l - a wand of iceblast (11)
Scrolls
 a - 6 scrolls of identify {unknown}
 b - 2 scrolls of fear {unknown}
 e - 3 scrolls of teleportation {unknown}
 n - a scroll of blinking {unknown}
Potions
 c - 2 potions of stabbing {unknown}
 g - 2 potions of curing {unknown}
 h - a potion of brilliance {unknown}
 i - a potion of haste {unknown}
 o - a potion of invisibility {unknown}
 p - 2 potions of lignification {unknown}


   Skills:
 - Level 2.0 Dodging
 - Level 2.6 Stealth
 - Level 2.0 Spellcasting
 + Level 6.6 Conjurations
 + Level 3.8 Hexes


You had 3 spell levels left.
You knew the following spells:

 Your Spells              Type           Power        Failure   Level
a - Magic Dart            Conj           ####         1%          1
b - Searing Ray           Conj           ####..       1%          2
c - Dazzling Flash        Conj/Hex       ####..       4%          3

Your spell library contained the following spells:

 Spells                   Type           Power        Failure   Level
 Fulminant Prism          Conj/Hex       ####......   16%         4
 Iskenderun's Mystic Bla  Conj/Tloc      ###.....     34%         4


Dungeon Overview and Level Annotations

Branches:
Dungeon (3/15)

Altars:
Qazlal


Innate Abilities, Weirdness & Mutations

You cannot wear most types of armour.
You are very stealthy in the water. (Stealth+)
You are amphibious.
You can wear up to eight rings at the same time.
You can use your tentacles to constrict eight enemies at once.
Your skin changes colour to match your surroundings (Stealth+).
Your rubbery body absorbs attacks. (AC +1, EV +1)


Message History

The orc wizard is no longer blind.
The orc wizard casts a spell at you. The puff of frost hits you.
The rat bites you but does no damage. The iguana closely misses you.
Unknown command.
The orc wizard casts a spell at you. The puff of flame hits you!
The iguana closely misses you.
The orc wizard hits you but does no damage.
The iguana bites you.
The orc wizard gestures at you while chanting.
The puff of frost hits you.
You hit the iguana. Your grab misses the iguana.
The iguana is almost dead.
The iguana bites you!
* * * LOW HITPOINT WARNING * * *
You barely miss the iguana. Your grab misses the iguana.
The iguana is almost dead.
The iguana bites you!
You die...

#. ###...
## ....##
# ....#. #
...# #..#
#.... ...#
#..#
#.....
#..## ...
#.....
#...# ..
#)...? #@#
.
#$....##l#
.
#......ro#
#........#
#.....)..#
#####..).#
#....#
##.#.#
#...#
.........


You could see an iguana, an orc wizard and a rat.

Vanquished Creatures
  Grinder (D:3)
  2 orc priests (D:3)
  6 gnolls
  An adder (D:2)
  A worm (D:2)
  3 leopard geckos
  3 orcs (D:3)
  2 giant cockroaches (D:1)
  7 goblins
  2 hobgoblins
  A ball python (D:3)
  3 bats (D:1)
  4 frilled lizards
  4 kobolds
  3 rats (D:1)
43 creatures vanquished.

Notes
Turn   | Place    | Note
-------+----------+-------------------------------------------
     0 | D:1      | huuhuu the Octopode Conjurer began the quest for the Orb.
     0 | D:1      | Reached XP level 1. HP: 11/11 MP: 3/3
   284 | D:1      | Reached XP level 2. HP: 13/17 MP: 3/5
   547 | D:1      | Learned a level 2 spell: Searing Ray
   894 | D:2      | Reached XP level 3. HP: 21/21 MP: 0/6
   979 | D:2      | Reached skill level 5 in Conjurations
  1081 | D:2      | You fall into a shaft and drop 1 floor!
  1289 | D:2      | Learned a level 3 spell: Dazzling Flash
  1295 | D:2      | Reached XP level 4. HP: 13/27 MP: 2/7
  1298 | D:2      | Reached skill level 1 in Hexes
  1821 | D:3      | Noticed Grinder
  1830 | D:3      | Killed Grinder
  1830 | D:3      | Reached skill level 6 in Conjurations
  1830 | D:3      | Reached XP level 5. HP: 17/31 MP: 0/8
  1830 | D:3      | Reached XP level 6. HP: 20/36 MP: 0/9
  2007 | D:3      | Found a stormy altar of Qazlal.
  2019 | D:3      | Noticed an air elemental
  2021 | D:3      | Noticed a water elemental
  2021 | D:3      | Noticed a fire elemental
  2262 | D:3      | Slain by an iguana

Illustrated notes

Levels and vault maps discovered:
D:1:      nzn_arrival_water_spiral, layout_basic
D:2:      layout_loops_ring
D:3:      layout_basic, gammafunk_ghost_icy, nicolae_qazlal_style_of_elements,
          uniq_grinder

Skill      XL: |  1  2  3  4 |
---------------+-------------+-----
Conjurations   | 5 6 |  6.6
Hexes          | 3 |  3.8
Dodging        | |  2.0
Stealth        | |  2.6
Spellcasting   | |  2.0

Action                   |  1- 3 |  4- 6 || total
-------------------------+-------+-------++-------
Melee: Unarmed           |    15 |       ||    15
       Constrict         |     6 |     1 ||     7
       Tentacles         |     3 |       ||     3
       Short sword       |    10 |       ||    10
       Rapier            |     2 |     7 ||     9
 Cast: Magic Dart        |    16 |     4 ||    20
       Searing Ray       |     4 |     7 ||    11
       Dazzling Flash    |       |     1 ||     1
 Stab: Sleeping          |     7 |     1 ||     8
Armor: Skin              |     8 |     4 ||    12
Dodge: Dodged            |    19 |    15 ||    34

Table legend: (Time is in decaauts)
 A = Elapsed time spent in this place.
 B = Non-inter-level travel time spent in this place.
 C = Inter-level travel time spent in this place.
 D = Time resting spent in this place.
 E = Time spent auto-exploring this place.
 F = Levels seen in this place.
 G = Mean time per level.
                   A        B        C        D        E       F      G
               +--------+--------+--------+--------+--------+-----+--------+
         Total |   2264 |   2116 |    148 |    744 |    209 |   3 |  754.7 |
       Dungeon |   2264 |   2116 |    148 |    744 |    209 |   3 |  754.7 |
               +--------+--------+--------+--------+--------+-----+--------+

Top non-repeatable levels by time:
     D:1: 968 daAuts
     D:2: 786 daAuts
     D:3: 509 daAuts
